 Dungeon Crawl Stone Soup version 0.26-b1-32-g5d43845318 (webtiles) character file.

Game seed: 43260348252440059

5496 Borgoz the Basher (level 10, -3/65 HPs)
             Began as a Gargoyle Gladiator on Jan 12, 2021.
             Slain by a red devil
             ... wielding a +0 trident
             ... led by a balrug
              (8 damage)
             ... on level 2 of the Abyss.
             The game lasted 00:09:46 (10378 turns).

Borgoz the Basher (Gargoyle Gladiator)             Turns: 10378, Time: 00:09:47

Health: -3/65      AC: 19    Str: 29    XL:     10   Next: 69%
Magic:  10/10      EV: 17    Int:  9    God:
Gold:   581        SH:  5    Dex: 18    Spells: 9/9 levels left

rFire    . . .     SeeInvis .   a - +0 flail
rCold    + + +     Faith    .   (no shield)
rNeg     + . .     Spirit   .   G - +2 leather armour of the Armoured One {-Cast rC+++ Str+3}
rPois    ∞         Reflect  +   c - +0 helmet
rElec    +         Harm     .   (no cloak)
rCorr    .         Rampage  .   H - +2 pair of gloves
Will     .....     NoCast   +   t - +0 pair of boots
Stlth    +.........             F - amulet of reflection
HPRegen  0.20/turn              j - +6 ring of strength
MPRegen  0.12/turn              w - +6 ring of dexterity

@: no status effects
A: negative energy resistance 1, electricity resistance, unbreathing,
petrification resistance, miasma immunity, AC +7
a: no special abilities


You were on level 2 of the Abyss.
You visited 2 branches of the dungeon, and saw 10 of its levels.
You visited the Abyss 1 time.

You collected 581 gold pieces.

Inventory:

Hand Weapons
 a - a +0 flail (weapon)
Missiles
 d - 4 throwing nets (quivered)
Armour
 c - a +0 helmet (worn)
 t - a +0 pair of boots (worn)
 G - the +2 leather armour of the Armoured One (worn) {-Cast rC+++ Str+3}
   (You found it on level 7 of the Dungeon)

   It affects your strength (+3).
   It renders you almost immune to cold.
   It prevents spellcasting.
 H - a +2 pair of gloves (worn)
Jewellery
 j - a +6 ring of strength (left hand)
 k - an uncursed ring of resist corrosion
 p - an uncursed ring of flight
 r - an uncursed ring of fire
 w - a +6 ring of dexterity (right hand)
 F - an amulet of reflection (around neck)
 I - a +6 ring of intelligence {unknown}
 K - a +4 ring of evasion
Wands
 y - a wand of paralysis (2)
 B - a wand of digging (6)
Scrolls
 e - 3 scrolls of immolation {unknown}
 f - 2 scrolls of blinking {unknown}
 g - 3 scrolls of remove curse {unknown}
 i - 4 scrolls of enchant weapon {unknown}
 l - 8 scrolls of identify {unknown}
 q - 2 scrolls of teleportation {unknown}
 s - 2 scrolls of enchant armour {unknown}
 v - 2 scrolls of magic mapping {unknown}
 C - a scroll of fear {unknown}
 D - a scroll of fog {unknown}
 J - 3 scrolls of noise {unknown}
Potions
 b - a potion of magic {unknown}
 h - 4 potions of curing {unknown}
 m - 6 potions of attraction {unknown}
 n - a potion of degeneration {unknown}
 o - 5 potions of heal wounds {unknown}
 u - a potion of lignification {unknown}
 x - a potion of mutation {unknown}
 z - 2 potions of berserk rage {unknown}
 A - a potion of flight {unknown}
 E - 2 potions of invisibility {unknown}


   Skills:
 + Level 8.5 Fighting
 + Level 9.4 Maces & Flails
 - Level 1.7 Throwing
 + Level 8.0 Armour
 + Level 6.7 Dodging


You had 9 spell levels left.
You didn't know any spells.
Your spell library contained the following spells:

 Spells                   Type           Power        Failure   Level
 Animate Skeleton         Necr           0%           41%         1
 Apportation              Tloc           0%           41%         1
 Corona                   Hex            0%           41%         1
 Freeze                   Ice            0%           41%         1
 Summon Small Mammal      Summ           0%           41%         1
 Confusing Touch          Hex            0%           80%         3
 Frozen Ramparts          Ice            0%           80%         3
 Gell's Gravitas          Tloc           0%           80%         3
 Ozocubu's Armour         Ice            0%           80%         3
 Hailstorm                Conj/Ice       0%           99%         4
 Petrify                  Tmut/Erth      0%           99%         4
 Summon Ice Beast         Ice/Summ       0%           99%         4
 Metabolic Englaciation   Hex/Ice        0%           100%        5
 Yara's Violent Unravell  Hex/Tmut       0%           100%        5


Dungeon Overview and Level Annotations

Branches:
Dungeon (9/15)             Temple (1/1) D:7
   Lair: D:8-11         Orc: D:9-12

Altars:
Ashenzari
Cheibriados
Dithmenos
Elyvilon
Fedhas
Gozag
Hepliaklqana
Kikubaaqudgha
Makhleb
Nemelex Xobeh
Okawaru
Qazlal
Ru
Sif Muna
Trog
Uskayaw
Vehumet
Wu Jian
Xom
Yredelemnul
Zin
The Shining One

Shops:
D:5 =   D:6 [

Annotations:
D:6 1 runed translucent door, DevastatorOne's ghost, novice PaWn


Innate Abilities, Weirdness & Mutations

You are resistant to torment.
Your stone body is resilient. (AC +7)
You are immune to poison.
You resist negative energy. (rN+)
You are resistant to electric shocks. (rElec)
You can survive without breathing.
You are immune to petrification.
You are immune to miasma.


Message History

The sun demon is lightly wounded.
The red devil hits you but does no damage.
The sun demon hits you but does no damage.
You hit the sun demon but do no damage.
The sun demon is lightly wounded.
The red devil hits you from afar with a +0 trident.
The sun demon misses you.
You hit the sun demon but do no damage.
The sun demon is lightly wounded.
The sun demon hits you!
* * * LOW HITPOINT WARNING * * *
You are engulfed in flames!
* * * LOW HITPOINT WARNING * * *
The red devil misses you.
You sock the sun demon!
The sun demon is moderately wounded.
The sun demon closely misses you.
A red devil comes into view. It is wielding a +0 trident.
The red devil hits you from afar with a +0 trident!
You die...

#...#... . .
#.#.. .# .## ..
.....# #. . ..
##..#....#(.##.
.
##.##..#...#...
. .
#....#......4#
..
.###.....#42..
..
###.#..#..#3#
.## . .
#..#...#..@.# .
# . # #.#
####### .... .
..#..####. . .
# . . . # ##
.#..##.#..## .
# .# . .....#..
#. .. .# # . ##
# ##. # ##..
.#.#.# .#.#. .
# ..# . ..
.#.... .. #
#.#.# ###..#
.### # . #


You could see a balrug, a sun demon and 2 red devils.

Vanquished Creatures
  Harold (D:7)
  Erolcha (D:9)
  Joseph (D:9)
  A hornet (D:7)
  A spriggan (D:7)
  A steam dragon (D:6)
  A sky beast (D:6)
  2 black bears
  3 ogres
  2 ice beasts
  3 phantoms
  2 centaurs
  8 bullfrogs
  2 scorpions
  9 killer bees
  8 wights
  2 howler monkeys (D:9)
  A bullfrog zombie (D:7)
  A jelly (D:6)
  5 hounds
  2 orc priests
  A bullfrog skeleton (D:4)
  3 centaur skeletons
  2 worker ants
  An iguana (D:8)
  10 adders
  11 gnolls
  2 white imps
  A worm (D:2)
  A dart slug (D:1)
  8 leopard geckos
  7 orcs
  4 giant cockroaches
  9 goblins
  11 hobgoblins
  9 jackals
  10 kobolds
  A quokka (D:7)
  6 bats
  7 frilled lizards
  4 rats
165 creatures vanquished.

Notes
Turn   | Place    | Note
-------+----------+-------------------------------------------
     0 | D:1      | Borgoz the Gargoyle Gladiator began the quest for the Orb.
     0 | D:1      | Reached XP level 1. HP: 12/12 MP: 1/1
   136 | D:1      | Reached XP level 2. HP: 18/18 MP: 2/2
   625 | D:1      | Reached skill level 1 in Armour
   630 | D:1      | Reached XP level 3. HP: 14/22 MP: 3/3
  1501 | D:2      | Reached XP level 4. HP: 25/27 MP: 4/4
  1688 | D:2      | Reached skill level 4 in Maces & Flails
  1835 | D:2      | Reached XP level 5. HP: 26/32 MP: 5/5
  2559 | D:3      | Found a burning altar of Makhleb.
  2924 | D:3      | Found an iron altar of Okawaru.
  3025 | D:3      | Found a hazy altar of Hepliaklqana.
  3025 | D:3      | Found a broken altar of Ashenzari.
  3658 | D:4      | Reached XP level 6. HP: 37/37 MP: 6/6
  3755 | D:4      | Noticed a phantom
  3786 | D:4      | Reached skill level 5 in Maces & Flails
  3791 | D:4      | Killed a phantom
  4276 | D:4      | Noticed a phantom
  4281 | D:4      | Reached XP level 7. HP: 43/43 MP: 7/7
  4452 | D:4      | Found a glowing silver altar of Zin.
  4912 | D:5      | Entered Level 5 of the Dungeon
  4933 | D:5      | Found Goxokaewk's Jewellery Shop.
  5512 | D:6      | Found a runed translucent door.
  5524 | D:6      | Noticed DevastatorOne's ghost (novice PaWn)
  5552 | D:6      | Reached skill level 6 in Maces & Flails
  6015 | D:6      | Noticed a steam dragon
  6045 | D:6      | Killed a steam dragon
  6046 | D:6      | Reached XP level 8. HP: 4/48 MP: 8/8
  6382 | D:6      | Reached skill level 5 in Fighting
  6787 | D:6      | Found a sparkling altar of Nemelex Xobeh.
  7039 | D:6      | Found Setrudgh's Armour Shoppe.
  7185 | D:7      | Reached skill level 7 in Maces & Flails
  7432 | D:7      | Reached skill level 5 in Armour
  7561 | D:7      | Found a staircase to the Ecumenical Temple.
  7574 | D:7      | Got a jewelled leather armour
  7592 | Temple   | Entered the Ecumenical Temple
  7692 | Temple   | Identified the +2 leather armour of the Armoured One {-Cast
                  | rC+++ Str+3} (You found it on level 7 of the Dungeon)
  7708 | D:7      | Reached XP level 9. HP: 50/55 MP: 9/9
  7939 | D:7      | Reached skill level 5 in Dodging
  8300 | D:7      | Noticed a hornet
  8321 | D:7      | Killed a hornet
  8322 | D:7      | Reached skill level 8 in Maces & Flails
  8506 | D:7      | Noticed Harold
  8531 | D:7      | Killed Harold
  9043 | D:8      | Reached XP level 10. HP: 63/63 MP: 10/10
  9388 | D:8      | Found a hide-covered altar of Uskayaw.
  9492 | D:8      | Found a white marble altar of Elyvilon.
  9492 | D:8      | Found an iron altar of Okawaru.
  9934 | D:9      | Found a shadowy altar of Dithmenos.
  9934 | D:9      | Noticed Joseph
  9954 | D:9      | Killed Joseph
  9955 | D:9      | Reached skill level 9 in Maces & Flails
 10046 | D:9      | Found a sacrificial altar of Ru.
 10087 | D:9      | Noticed Erolcha
 10112 | D:9      | Killed Erolcha
 10315 | D:9      | Noticed a wizard
 10316 | D:9      | Cast into level 2 of the Abyss (a wizard)
 10364 | Abyss:2  | Noticed a sun demon
 10372 | Abyss:2  | Noticed a balrug
 10378 | Abyss:2  | Slain by a red devil

Illustrated notes

Levels and vault maps discovered:
D:1:      evilmike_arrival_crescent, layout_basic, due_unseen_surprise
D:2:      minmay_recursive_quarters, layout_basic
D:3:      layout_loops_ring, gammafunk_temple_overflow_statue, bloody_makhleb,
          minmay_misc_feat_rows, serial_bayou_pond_d, okawaru_metal_pillars_3
D:4:      layout_layer_cave, zin_treasury
D:5:      layout_cave_pools, serial_shops, shop
D:6:      layout_basic, nemelex_xobeh_ov_fountains_minmay, serial_shops, shop,
          ebering_ghost_sewer_d, chequers_serial_rivers_room_a
D:7:      layout_basic, minmay_temple_entry_sparse_star, the_bakery, uniq_harold
D:8:      layout_loops_ring, gammafunk_temple_overflow_pools, lemuel_tele_altar
D:9:      layout_irregular_city, lemuel_round_altar, basic_altar,
          minmay_misc_feat_encased, lightli_wizard_tower, uniq_erolcha,
          uniq_joseph
Temple:   jpeg_temple_clearing
Abyss:2:  base:
D:4

Skill      XL: |  1  2  3  4  5  6  7  8  9 10 |
---------------+-------------------------------+-----
Armour         | 1 2 3 4 5 6 8 |  8.0
Fighting       | 3 4 5 7 8 |  8.5
Maces & Flails | 4 5 6 7 8 9 |  9.4
Dodging        | 3 4 5 6 |  6.7
Throwing       | |  1.7

Action                   |  1- 3 |  4- 6 |  7- 9 | 10-12 || total
-------------------------+-------+-------+-------+-------++-------
Melee: Flail             |   114 |   184 |   314 |   174 ||   786
Throw: Throwing net      |       |     1 |     6 |       ||     7
Evoke: Wand              |       |       |       |     4 ||     4
 Stab: Held in net/web   |       |       |     3 |       ||     3
       Sleeping          |       |       |     2 |     1 ||     3
       Paralysed         |       |       |       |     5 ||     5
Armor: Leather armour    |    34 |       |    28 |    47 ||   109
       Ring mail         |    13 |   124 |   111 |       ||   248
       Skin              |     5 |       |       |       ||     5
Dodge: Dodged            |    96 |   186 |   227 |   124 ||   633
Block: Other             |       |       |    25 |    32 ||    57
